Map: Abyssal Reef LE

Players

Gerald

  • Race: Protoss Protoss
  • Spawn Location: 11:00

DnS - Winner!

  • Race: Protoss Protoss
  • Spawn Location: 5:00

Event: WCS Jonkoping 2017

VOD

Have the link to the VOD?

Description

Time

  • Played on: June 17, 2017, 9:52 a.m.
  • Length: 8:42

All games in this series

Show
View Real Time Build Order
Export as new Build Order

Gerald Protoss 

Build Orders: Phoenix Opening 

Get SALT Encoding   

  12  0:02  Probe (Chrono Boost)  
  13  0:12  Probe (Chrono Boost)  
  14  0:18  Pylon  
  14  0:23  Probe (Chrono Boost)  
  15  0:36  Probe (Chrono Boost), Gateway  
  15  0:42  Assimilator  
  16  0:47  Probe (Chrono Boost)  
  17  0:58  Probe (Chrono Boost)  
  17  1:00  Gateway  
  18  1:08  Probe (Chrono Boost)  
  18  1:10  Assimilator  
  19  1:19  Probe (Chrono Boost)  
  20  1:26  Cybernetics Core  
  20  1:29  Probe (Chrono Boost)  
  22  1:40  Probe (Chrono Boost)  
  22  1:42  Pylon  
  22  1:50  Probe (Chrono Boost)  
  23  2:04  Stalker  
  23  2:05  Mothership Core (Chrono Boost)  
  27  2:10  Stalker  
  27  2:15  Pylon  
  29  2:16  Warp Gate (Chrono Boost)  
  29  2:23  Probe (Chrono Boost)  
  30  2:35  Probe  
  31  2:47  Probe  
  31  2:50  Nexus  
  31  2:57  Pylon  
  31  3:10  Probe, Stargate  
  32  3:22  Probe  
  32  3:24  Adept  
  32  3:25  Adept  
  38  3:34  Probe  
  38  3:50  Probe  
  38  3:57  Phoenix (Chrono Boost)  
  38  4:02  Probe x2  
  38  4:08  Robotics Facility  
  39  4:14  Probe  
  40  4:17  Probe  
  40  4:20  Phoenix (Chrono Boost)  
  41  4:26  Probe  
  41  4:30  Probe  
  40  4:38  Probe  
  40  4:41  Probe  
  40  4:43  Phoenix (Chrono Boost)  
  44  4:50  Probe  
  44  4:51  Probe  
  45  4:56  Observer  
  45  5:02  Probe  
  45  5:03  Probe  
  45  5:04  Assimilator, Phoenix (Chrono Boost)  
  49  5:12  Probe  
  50  5:15  Probe  
  51  5:23  Probe  
  51  5:27  Probe  
  51  5:30  Stargate  
  51  5:33  Probe  
  54  5:35  Phoenix (Chrono Boost)  
  54  5:39  Probe  
  55  5:43  Assimilator  
  55  5:44  Probe, Pylon  
  56  5:51  Probe  
  56  5:55  Probe  
  60  5:57  Phoenix (Chrono Boost)  
  60  6:03  Immortal  
  64  6:04  Probe  
  64  6:08  Pylon  
  64  6:09  Probe  
  66  6:19  Phoenix (Chrono Boost)  
  66  6:24  Phoenix (Chrono Boost)  
  70  6:25  Pylon  
  70  6:36  Fleet Beacon  
  70  6:50  Probe  
  70  6:51  Probe  
  64  7:02  Nexus  
  64  7:03  Probe x2, Pylon  
  66  7:10  Phoenix (Chrono Boost)  
  66  7:14  Phoenix (Chrono Boost)  
  66  7:15  Probe  
  71  7:22  Anion Pulse-Crystals (Chrono Boost)  
  71  7:23  Probe  
  72  7:30  Phoenix  
  72  7:34  Pylon  
  74  7:38  Phoenix  
  74  7:40  Probe  
  77  7:44  Probe  
  78  7:52  Probe, Phoenix  
  78  7:57  Probe  
  82  8:03  Phoenix  
  81  8:14  Phoenix  
  75  8:26  Stalker x2  
  71  8:27  Probe  
  71  8:28  Probe  
Show
View Real Time Build Order
Export as new Build Order

DnS Protoss - Winner!

Build Orders: Oracle Opening, Phoenix Opening 

Get SALT Encoding   

  12  0:01  Probe (Chrono Boost)  
  13  0:11  Probe (Chrono Boost)  
  14  0:17  Pylon  
  14  0:22  Probe (Chrono Boost)  
  15  0:35  Probe (Chrono Boost)  
  16  0:36  Gateway  
  16  0:42  Assimilator  
  16  0:46  Probe (Chrono Boost)  
  17  0:52  Assimilator  
  17  0:56  Probe (Chrono Boost)  
  18  1:07  Probe (Chrono Boost), Gateway  
  19  1:17  Probe (Chrono Boost)  
  20  1:23  Cybernetics Core  
  20  1:28  Probe (Chrono Boost)  
  20  1:32  Pylon  
  21  1:39  Probe (Chrono Boost)  
  22  1:49  Probe (Chrono Boost)  
  23  1:59  Adept  
  23  2:00  Mothership Core (Chrono Boost)  
  27  2:03  Adept  
  27  2:05  Warp Gate (Chrono Boost)  
  29  2:11  Pylon  
  29  2:27  Adept  
  31  2:30  Adept  
  31  2:36  Stargate  
  33  3:01  Nexus  
  33  3:04  Probe  
  34  3:16  Probe  
  35  3:20  Oracle (Chrono Boost)  
  35  3:25  Pylon  
  38  3:28  Probe  
  39  3:43  Probe  
  38  3:49  Robotics Facility  
  38  3:55  Probe, Phoenix (Chrono Boost)  
  35  4:03  Stargate  
  35  4:08  Probe  
  36  4:12  Probe  
  36  4:14  Assimilator  
  37  4:17  Pylon  
  37  4:20  Probe  
  35  4:31  Phoenix (Chrono Boost)  
  35  4:32  Probe  
  35  4:34  Probe  
  35  4:38  Adept  
  41  4:39  Adept  
  41  4:43  Probe  
  44  4:50  Probe  
  45  4:54  Probe  
  45  4:56  Phoenix (Chrono Boost)  
  48  5:02  Probe  
  48  5:04  Phoenix (Chrono Boost)  
  48  5:06  Probe  
  52  5:10  Assimilator  
  52  5:14  Probe  
  52  5:18  Probe  
  54  5:26  Probe, Phoenix (Chrono Boost)  
  54  5:27  Phoenix (Chrono Boost)  
  59  5:30  Probe  
  60  5:37  Pylon  
  60  5:38  Probe  
  61  5:43  Probe  
  61  5:47  Phoenix (Chrono Boost)  
  64  5:50  Probe  
  64  5:51  Phoenix (Chrono Boost)  
  64  5:55  Probe  
  64  6:09  Phoenix (Chrono Boost)  
  66  6:12  Phoenix (Chrono Boost)  
  66  6:16  Fleet Beacon  
  68  6:18  Probe  
  68  6:19  Probe  
  69  6:31  Phoenix (Chrono Boost)  
  71  6:36  Probe, Nexus  
  71  6:37  Probe  
  73  6:42  Pylon  
  73  6:49  Probe  
  73  6:51  Phoenix (Chrono Boost)  
  76  6:55  Probe  
  76  7:00  Phoenix (Chrono Boost)  
  76  7:01  Probe  
  78  7:03  Anion Pulse-Crystals (Chrono Boost)  
  78  7:07  Probe, Assimilator  
  79  7:11  Pylon  
  79  7:13  Phoenix (Chrono Boost)  
  79  7:15  Probe  
  82  7:19  Probe  
  83  7:26  Assimilator, Phoenix (Chrono Boost)  
  83  7:27  Probe  
  86  7:31  Probe  
  86  7:33  Pylon  
  86  7:37  Phoenix (Chrono Boost)  
  89  7:45  Phoenix (Chrono Boost), Stargate  
  89  7:49  Probe  
  92  7:51  Probe  
  92  7:55  Phoenix  
  93  7:59  Probe  
  93  8:01  Probe  
  93  8:04  Probe  
  98  8:06  Phoenix  
  96  8:33  Forge  
Tags
 
Add a new tag
Caveats
  • Supply blocks, unpowered buildings, or Contaminate may cause inaccurate times.
  • Supply counts are checked every 10 seconds.